 Dungeon Crawl Stone Soup version 0.31.0-12-g77e489cdc1 (webtiles) character file.

Game seed: 8969019917818876519

72 lordive the Conjurer (level 4, -2/27 HPs)
             Began as an Octopode Conjurer on Feb 29, 2024.
             Slain by an orc wizard
             ... wielding a +0 battleaxe
              (9 damage)
             ... on level 3 of the Dungeon.
             The game lasted 00:03:58 (3162 turns).

lordive the Conjurer (Octopode Conjurer)            Turns: 3162, Time: 00:03:58

Health: -2/27      AC:  1    Str:  6    XL:     4   Next: 25%
Magic:  1/8        EV: 13    Int: 22    God:
Gold:   88         SH:  0    Dex: 10    Spells: 5/8 levels left

rFire   . . .        (no weapon)
rCold   . . .        (no shield)
rNeg    . . .        (helmet restricted)
rPois   .            (no amulet)
rElec   .            (no ring)
rCorr   .            (no ring)
SInv    .            (no ring)
Will    .....        (no ring)
Stlth   +++          (no ring)
HPRegen 0.24/turn    (no ring)
MPRegen 0.11/turn    (no ring)
                     (no ring)

%: no passive effects
@: no status effects
A: almost no armour, amphibious, 8 rings, camouflage 1, gelatinous body 1,
(nimble swimmer 1), tentacles
a: no special abilities


You were on level 3 of the Dungeon.
You visited 1 branch of the dungeon, and saw 3 of its levels.

You collected 88 gold pieces.

Inventory:

Jewellery
 i - a +6 ring of intelligence
Scrolls
 b - a scroll of fear {unknown}
 d - a scroll of blinking {unknown}
 e - 3 scrolls of amnesia {unknown}
 g - a scroll of teleportation {unknown}
 h - a scroll of enchant armour {unknown}
Potions
 a - a potion of magic
 c - a potion of lignification {unknown}
 f - a potion of haste {unknown}


   Skills:
 + Level 0.3 Fighting
 + Level 2.1 Dodging
 + Level 3.2 Stealth
 + Level 2.7 Spellcasting
 + Level 4.9 Conjurations


You had 5 spell levels left.
You knew the following spells:

 Your Spells              Type           Power      Damage    Failure   Level
a - Magic Dart            Conj           96%        1d7       1%          1
b - Searing Ray           Conj           48%        2d6       2%          2

Your spell library contained the following spells:

 Spells                   Type           Power      Damage    Failure   Level
 Gell's Gravitas          Tloc           3%         N/A       36%         3
 Teleport Other           Tloc           3%         N/A       36%         3
 Tukima's Dance           Hex            3%         N/A       36%         3
 Fulminant Prism          Conj/Alch      6%         3d7       43%         4
 Iskenderun's Mystic Bla  Conj/Tloc      13%        2d5       43%         4
 Animate Dead             Necr           3%         N/A       77%         4
 Dimensional Bullseye     Hex/Tloc       1%         N/A       77%         4
 Dispersal                Tloc           1%         N/A       100%        6
 Haunt                    Necr/Summ      1%         N/A       100%        7
 Infestation              Necr           1%         N/A       100%        8


Dungeon Overview and Level Annotations

Branches:
Dungeon (3/15)

Altars:
Dithmenos

Shops:
D:1 =


Innate Abilities, Weirdness & Mutations

You cannot wear most types of armour.
You are amphibious.
You can wear up to eight rings at the same time.
Your skin changes colour to match your surroundings (Stealth+).
Your rubbery body absorbs attacks. (AC +1, EV +1)
((You are camouflaged when in or above water. (Stealth+)))
You have tentacles for arms and can constrict up to eight enemies at once.


Message History

An orc comes into view. It is wielding a +0 short sword.
An orc is nearby!
An orc is nearby!
Casting: Searing Ray (safe; 2% risk of failure)
Confirm with . or Enter, or press ? or * to list all spells.
Aiming: Searing Ray (safe; 2% risk of failure)
Press: ? - help, Shift-Dir - straight line, f - orc
Aim: an orc, wielding a +0 short sword (wandering, hasn't noticed you, 79% to hit)
The searing ray hits the orc!
You kill the orc! (Press . to maintain the ray.)
An orc wizard comes into view. It is wielding a +0 battleaxe.
The orc wizard shouts!
The orc wizard mumbles some strange words.
The orc wizard flickers and vanishes!
Deactivating autopickup; reactivate with Ctrl-A.
Casting: Searing Ray (safe; 2% risk of failure)
Confirm with . or Enter, or press ? or * to list all spells.
Aiming: Searing Ray (safe; 2% risk of failure)
Press: ? - help, Shift-Dir - straight line (Press . to maintain the ray.)
The searing ray hits something!
Something hits you!
You hear some strange, mumbled words.
Something tries to affect you, but you resist.
You finish channelling your searing ray.
Something hits you!
* * * LOW HITPOINT WARNING * * *
Casting: Searing Ray (safe; 2% risk of failure)
Confirm with . or Enter, or press ? or * to list all spells.
Aiming: Magic Dart (safe; 1% risk of failure)
Press: ? - help, Shift-Dir - straight line, f - you
Okay, then.
Casting: Magic Dart (safe; 1% risk of failure)
Confirm with . or Enter, or press ? or * to list all spells.
Aiming: Searing Ray (safe; 2% risk of failure)
Press: ? - help, Shift-Dir - straight line The searing ray hits something. (Press . to maintain the ray.)
Something hits you!
You die...

#.### ##
################.#.. .#
#.............##.#'##.###
#.###########.##........
#......# #....##....).#
#......#
#.#..##......##..
####......#
#.##@##..........
#.........#
#.##.####.##.....
#####..>..#
#.##............. #.....#
#.#######.#..#... #.....#
#.##.. ........
###'#####+##.##.$....#.##
#.####......#####..# .?
#.#.........#####..# #
#.#.............##.#


There were no monsters in sight!

Vanquished Creatures
  An adder (D:3)
  2 ribbon worms
  A dart slug (D:1)
  2 orcs (D:3)
  4 endoplasms
  2 giant cockroaches (D:2)
  4 goblins
  4 hobgoblins
  2 jackals (D:2)
  2 quokkas (D:1)
  8 ball pythons
  3 bats
  3 frilled lizards
  5 kobolds
  8 rats
51 creatures vanquished.

Notes
Turn   | Place    | Note
-------+----------+-------------------------------------------
     0 | D:1      | lordive the Octopode Conjurer began the quest for the Orb.
     0 | D:1      | Reached XP level 1. HP: 11/11 MP: 3/3
   265 | D:1      | Found Ucoroj's Jewellery Shoppe.
   323 | D:1      | Reached XP level 2. HP: 17/17 MP: 1/5
   561 | D:1      | Learned a level 2 spell: Searing Ray
  1143 | D:1      | Reached XP level 3. HP: 21/21 MP: 3/6
  2715 | D:2      | Found a shadowy altar of Dithmenos.
  2855 | D:3      | Reached XP level 4. HP: 27/27 MP: 3/8
  3162 | D:3      | Slain by an orc wizard

Illustrated notes

Levels and vault maps discovered:
D:1:      nzn_arrival_depleted_hourglass, layout_basic, serial_shops,
          nicolae_shop_gaudy_bauble
D:2:      layout_basic, basic_altar, kennysheep_generic_room_8
D:3:      layout_basic, ebering_ecumenical_altar_abandoned, st_stairs_6

Skill      XL: |  1  2 |
---------------+-------+-----
Stealth        | 3 |  3.2
Fighting       | |  0.3
Dodging        | |  2.1
Spellcasting   | |  2.7
Conjurations   | |  4.9

Action                     |  1- 3 |  4- 6 || total
---------------------------+-------+-------++-------
  Melee: Unarmed           |    16 |       ||    16
         Constrict         |     5 |       ||     5
         Tentacles         |     4 |       ||     4
   Cast: Magic Dart        |    21 |     1 ||    22
         Searing Ray       |    29 |     7 ||    36
 Armour: Skin              |    13 |     4 ||    17
  Dodge: Dodged            |    14 |     1 ||    15
